 Dungeon Sprint DCSS version 0.28.0-53-g5a82cb258f (webtiles) character file.

Game seed: 3730947541938622145

173 Zeld the Thaumaturge (level 5, -10/28 HPs)
             Began as a Deep Elf Conjurer on May 29, 2022.
             Was an Initiate of Sif Muna.
             Killed from afar by an oklob sapling wizard (27 damage)
             ... with a splash of acid
             ... in the Dungeon (Sprint IV: "Fedhas' Mad Dash").
             The game lasted 00:01:04 (1187 turns).

Zeld the Thaumaturge (Deep Elf Conjurer)            Turns: 1187, Time: 00:01:05

Health: -10/28     AC:  2    Str:  4    XL:     5   Next: 28%
Magic:  16/19      EV: 12    Int: 25    God:    Sif Muna [......]
Gold:   93         SH:  0    Dex: 13    Spells: 9/23 levels left

rFire   . . .      SeeInvis .   (no weapon)
rCold   . . .      Faith    .   (no shield)
rNeg    . . .      Spirit   .   a - +0 robe
rPois   .          Reflect  .   (no helmet)
rElec   .          Harm     .   (no cloak)
rCorr   .          Rampage  .   (no gloves)
Will    .....      NoTele   +   (no boots)
Stlth   ++........              h - amulet of invisibility {+Inv}
HPRegen 0.09/turn               (no ring)
MPRegen 0.16/turn               (no ring)

@: no status effects
A: no striking features
a: Renounce Religion, Evoke Invisibility


You were in the Dungeon.
You worshipped Sif Muna.
Sif Muna was noncommittal.
You visited 1 branch You collected 93 gold pieces.

Inventory:

Armour
 a - a +0 robe (worn)
Jewellery
 h - the amulet of invisibility (around neck) {+Inv}
   (You found it in the Dungeon)

   [amulet of nothing]

   +Inv:      It lets you turn invisible.
Scrolls
 g - a scroll of blinking
Potions
 b - a potion of curing
 c - a potion of heal wounds
 d - a potion of haste
 e - 2 potions of magic
 f - a potion of berserk rage


   Skills:
 + Level 2.4 Dodging
 + Level 2.4 Stealth
 * Level 9.9 Spellcasting
 * Level 9.5 Conjurations
 - Level 2.0 Hexes
 - Level 2.0 Translocations


You had 9 spell levels left.
You knew the following spells:

 Your Spells              Type           Power      Damage    Failure   Level
a - Magic Dart            Conj           100%       1d8       1%          1
b - Searing Ray           Conj           100%       2d8       1%          2
c - Fulminant Prism       Conj/Hex       20%        3d13      4%          4
d - Iskenderun's Mystic   Conj/Tloc      41%        2d9       4%          4
z - Dazzling Flash        Conj/Hex       82%        N/A       1%          3

Your spell library contained the following spells:

 Spells                   Type           Power      Damage    Failure   Level


Dungeon Overview and Level Annotations

Branches:
Dungeon (1/1)

Altars:
Cheibriados
Dithmenos
Elyvilon
Gozag
Hepliaklqana
Kikubaaqudgha
Makhleb
Nemelex Xobeh
Okawaru
Qazlal
Ru
Sif Muna
Trog
Uskayaw
Vehumet
Wu Jian
Xom
Yredelemnul
Zin
The Shining One
Beogh
Jiyva
Lugonu

Annotations:
D exclusion: oklob sapling


Message History

You destroy the oklob sapling priest!
Sif Muna accepts your kill.
Training target 2.0 for Hexes reached!
Training target 2.0 for Translocations reached!
Your Conjurations skill increases to level 9!
Your Hexes skill increases to level 2!
Your Translocations skill increases to level 2!
You have reached level 5!
You start resting.
You flicker back into view.
There is a burning altar of Makhleb here.
You start resting.
Your magical contamination has completely faded away.
There is a sparkling altar of Nemelex Xobeh here.
There is an iron altar of Okawaru here.
You start resting.
Magic restored.
There is a stormy altar of Qazlal here.
You start waiting.
Done waiting.
You open the door.
An oklob sapling wizard comes into view.
Marking area around an oklob sapling wizard as unsafe for travelling.
Found 23 stones and an encrusted fluorescent wand.
Casting: Searing Ray (safe; 1% risk of failure)
Confirm with . or Enter, or press ? or * to list all spells.
Aiming: Searing Ray (safe; 1% risk of failure)
Press: ? - help, Shift-Dir - straight line, f - oklob sapling wizard
Aim: an oklob sapling wizard (dormant, 100% to hit)
The searing ray hits the oklob sapling wizard.
The oklob sapling wizard is lightly damaged. (Press . to maintain the ray.)
The oklob sapling wizard spits acid at you.
The splash of acid hits you!
The searing ray hits the oklob sapling wizard!
The oklob sapling wizard is severely damaged.
The oklob sapling wizard spits acid at you.
The splash of acid hits you!!
Ouch! That really hurt!
You die...

################## ##
...#.⌠._._._._.⌠.#.(+
...'.._._._._._.@'.P#
...#..._._._._...#..#
#'##.._._._._._..# /#
...#._._._._._.⌠.# #
...###############
####


You could see an oklob sapling wizard.

Vanquished Creatures
  A scorpion (D)
  3 oklob saplings (D)
  A river rat (D)
  A rat (D)
6 creatures vanquished.

Notes
Turn   | Place    | Note
-------+----------+-------------------------------------------
     0 | D        | Zeld the Deep Elf Conjurer began the quest for the Orb.
     0 | D        | Reached XP level 1. HP: 10/10 MP: 6/6
     7 | D        | Reached skill level 5 in Conjurations
     7 | D        | Reached XP level 2. HP: 15/15 MP: 4/9
    13 | D        | Learned a level 2 spell: Searing Ray
   253 | D        | Noticed an oklob sapling
   254 | D        | Killed an oklob sapling
   255 | D        | Reached XP level 3. HP: 19/19 MP: 8/13
   259 | D        | Learned a level 3 spell: Dazzling Flash
   595 | D        | Noticed a scorpion
   595 | D        | Found the amulet of invisibility {+Inv}
   601 | D        | Killed a scorpion
   602 | D        | Reached XP level 4. HP: 16/24 MP: 5/16
   717 | D        | Learned a level 4 spell: Fulminant Prism
   722 | D        | Learned a level 4 spell: Iskenderun's Mystic Blast
   926 | D        | Reached skill level 1 in Hexes
   926 | D        | Reached skill level 1 in Translocations
   967 | D        | Found an opulent altar of Gozag.
   967 | D        | Found a hazy altar of Hepliaklqana.
   967 | D        | Found a burning altar of Makhleb.
   967 | D        | Found a sparkling altar of Nemelex Xobeh.
   967 | D        | Found a snail-covered altar of Cheibriados.
   967 | D        | Found a sacrificial altar of Ru.
   967 | D        | Found a shimmering blue altar of Sif Muna.
   967 | D        | Found a shimmering altar of Xom.
   967 | D        | Found a basalt altar of Yredelemnul.
   968 | D        | Found a viscous altar of Jiyva.
   968 | D        | Found a bloodstained altar of Trog.
   968 | D        | Found an ornate altar of the Wu Jian Council.
   969 | D        | Found an iron altar of Okawaru.
   969 | D        | Found a shadowy altar of Dithmenos.
   969 | D        | Found a glowing silver altar of Zin.
   970 | D        | Found an ancient bone altar of Kikubaaqudgha.
   970 | D        | Found a hide-covered altar of Uskayaw.
   971 | D        | Found a stormy altar of Qazlal.
   971 | D        | Found a glowing golden altar of the Shining One.
   971 | D        | Found a white marble altar of Elyvilon.
   972 | D        | Found a radiant altar of Vehumet.
   972 | D        | Found a corrupted altar of Lugonu.
   974 | D        | Became a worshipper of Sif Muna the Loreminder
  1016 | D        | Reached XP level 5. HP: 28/28 MP: 8/19
  1187 | D        | Killed from afar by an oklob sapling wizard

Illustrated notes

Levels and vault maps discovered:
D:        dungeon_sprint_fedhas [sprint_temple]

Skill      XL: |  1  2  3  4 |
---------------+-------------+-----
Spellcasting   | 4 6 8 9 |  9.9
Conjurations   | 5 6 8 9 |  9.5
Hexes          | 2 |  2.0
Translocations | 2 |  2.0
Dodging        | |  2.4
Stealth        | |  2.4

Action                   |  1- 3 |  4- 6 || total
-------------------------+-------+-------++-------
 Cast: Magic Dart        |     4 |       ||     4
       Searing Ray       |     3 |     4 ||     7
 Abil: Evoke Invisibilit |       |     3 ||     3
Dodge: Dodged            |     3 |       ||     3
